 Dungeon Crawl Stone Soup version 0.30-a0-605-gb2882149bf (webtiles) character file.

Game seed: 15796698750925606779

49 bande the Trooper (level 3, -3/24 HPs)
             Began as a Gargoyle Fighter on Jan 7, 2023.
             Slain by a steam dragon (4 damage)
             ... on level 6 of the Dungeon.
             The game lasted 00:02:01 (1242 turns).

bande the Trooper (Gargoyle Fighter)                Turns: 1242, Time: 00:02:01

Health: -3/24      AC: 10    Str: 23    XL:     3   Next: 77%
Magic:  3/3        EV:  9    Int:  8    God:
Gold:   77         SH:  5    Dex: 15    Spells: 2/2 levels left

rFire   . . .      SeeInvis +    a - +0 war axe
rCold   . . .      Faith    .    c - +0 buckler
rNeg    + + .      Spirit   .    o - +0 scale mail of the Crushed Scars {rElec rN+ Str+4 Dex+4}
rPois   ∞          Reflect  .    (no helmet)
rElec   +          Harm     .    (no cloak)
rCorr   .          Rampage  .    (no gloves)
Will    .....                    (no boots) Stlth
                                 k - amulet of the acrobat
HPRegen 0.24/turn                e - ring of see invisible
MPRegen 0.08/turn                (no ring)

@: no status effects
A: sickness immunity, AC +3, negative energy resistance 1, electricity
resistance, torment resistance 1, petrification resistance
a: no special abilities


You were on level 6 of the Dungeon.
You visited 1 branch of the dungeon, and saw 4 of its levels.

You collected 77 gold pieces.

Inventory:

Hand Weapons
 a - a +0 war axe (weapon)
Missiles
 q - a throwing net (quivered)
Armour
 c - a +0 buckler (worn)
 o - the +0 scale mail of the Crushed Scars (worn) {rElec rN+ Str+4 Dex+4}
   (You found it on level 2 of the Dungeon)

   Str:       It affects your strength (+4).
   Dex:       It affects your dexterity (+4).
   rElec:     It insulates you from electricity.
   rN:        It protects you from negative energy.
Jewellery
 e - a ring of see invisible (left hand)
 k - an amulet of the acrobat (around neck)
Scrolls
 b - 2 scrolls of vulnerability {unknown}
 f - 2 scrolls of identify {unknown}
 g - a scroll of acquirement {unknown}
 h - 2 scrolls of fog {unknown}
 i - 2 scrolls of enchant weapon {unknown}
 l - a scroll of butterflies {unknown}
 n - a scroll of fear {unknown}
 r - a scroll of immolation {unknown}
Potions
 d - 2 potions of might
 j - 2 potions of lignification {unknown}
 m - a potion of degeneration {unknown}
 p - a potion of haste {unknown}
 s - a potion of curing {unknown}


   Skills:
 + Level 3.8 Fighting
 + Level 2.6 Axes
 + Level 3.7 Armour
 + Level 3.6 Shields


You had 2 spell levels left.
You didn't know any spells.
Your spell library was empty.

Dungeon Overview and Level Annotations

Branches:
Dungeon (3/15)

Altars:

Shops:
D:2 (


Innate Abilities, Weirdness & Mutations

You are immune to sickness and miasma.
Your stone body is resilient. (AC +3)
You are immune to poison.
You resist negative energy. (rN+)
You are resistant to electric shocks. (rElec)
You are resistant to unholy torment.
You are immune to petrification.


Message History

No target in view!
No target in view!
No target in view!
HP restored.
You now have 77 gold pieces (gained 4).
A sourceless malevolence fills the Dungeon...
You fall into a shaft and drop 3 floors!
The shaft crumbles and collapses.
Found a scroll labelled ZITIEHIERA.
f - 2 scrolls labelled ZITIEHIERA (gained 1)
Found a trident.
Found a robe.
You see here a +0 robe.
A steam dragon comes into view.
The steam dragon hisses angrily.
You see here a +0 robe.
The steam dragon breathes steam at you. The ball of steam misses you.
You are engulfed in a cloud of scalding steam.
The steam dragon breathes steam at you. The ball of steam hits you.
The steam dragon misses you. The steam dragon barely misses you.
You barely miss the steam dragon. The steam dragon bites you!
The steam dragon barely misses you.
You slash the steam dragon!
The steam dragon is moderately wounded.
You are engulfed in a cloud of scalding steam.
The steam dragon closely misses you. You block the steam dragon's attack.
You hit the steam dragon but do no damage.
The steam dragon is moderately wounded.
The steam dragon bites you!
* * * LOW HITPOINT WARNING * * *
The steam dragon closely misses you. The steam dragon barely misses you.
The steam dragon claws you.
* * * LOW HITPOINT WARNING * * *
You barely miss the steam dragon.
The steam dragon is moderately wounded.
The steam dragon bites you but does no damage.
The steam dragon claws you.
You die...

#########.....# #.....
.............####.....
...............##.....
......................
#...............
##...............
##................
#..[.##...........
##@D.###...........
##...## ##.....##...
###.§.## #...####...
##....## #..## ##.#
###....## ##..# ###
..#.....## #..##
.........## ##.#
..........## ##..#
..#........####..##


You could see a steam dragon.

Vanquished Creatures
  An adder (D:2)
  2 worms (D:2)
  A dart slug (D:1)
  2 endoplasms (D:1)
  2 giant cockroaches
  A goblin (D:2)
  3 hobgoblins (D:1)
  A quokka (D:2)
  6 ball pythons
  3 bats
  A frilled lizard (D:1)
  6 kobolds
  5 rats
34 creatures vanquished.

Notes
Turn   | Place    | Note
-------+----------+-------------------------------------------
     0 | D:1      | bande the Gargoyle Fighter began the quest for the Orb.
     0 | D:1      | Reached XP level 1. HP: 14/14 MP: 1/1
   101 | D:1      | Reached XP level 2. HP: 18/19 MP: 2/2
   399 | D:1      | Found a faded altar of an unknown god.
   458 | D:2      | Identified the +0 scale mail of the Crushed Scars {rElec
                  | rN+ Str+4 Dex+4}
   520 | D:2      | Reached XP level 3. HP: 20/24 MP: 3/3
   568 | D:2      | Identified the +0 robe of Trial and Error {+Blink}
   634 | D:2      | Found Biykelol's Weapon Shop.
  1169 | D:3      | You fall into a shaft and drop 3 floors!
  1225 | D:6      | Noticed a steam dragon
  1241 | D:6      | HP: 1/24 [steam dragon (5)]
  1242 | D:6      | Slain by a steam dragon

Illustrated notes

Levels and vault maps discovered:
D:1:      lightli_arrival_chessboard, layout_rooms,
          ebering_ecumenical_altar_hall
D:2:      layout_loops_cross, serial_shops, shop
D:3:      layout_basic
D:6:      layout_layer_cave

Skill      XL: |  1 |
---------------+----+-----
Axes           | 2 |  2.6
Fighting       | |  3.8
Armour         | |  3.7
Shields        | |  3.6

Action                   || total
-------------------------++-------
Melee: War axe           ||   107
Armor: Scale mail        ||    68
Dodge: Dodged            ||    62
Block: Buckler           ||    30

Table legend: (Time is in decaauts)
 A = Elapsed time spent in this place.
 B = Non-inter-level travel time spent in this place.
 C = Inter-level travel time spent in this place.
 D = Time resting spent in this place.
 E = Time spent auto-exploring this place.
 F = Levels seen in this place.
 G = Mean time per level.
                   A        B        C        D        E       F      G
               +--------+--------+--------+--------+--------+-----+--------+
         Total |   1287 |   1287 |      0 |      0 |    929 |   4 |  321.8 |
       Dungeon |   1287 |   1287 |      0 |      0 |    929 |   4 |  321.8 |
               +--------+--------+--------+--------+--------+-----+--------+

Top non-repeatable levels by time:
     D:2: 693 daAuts
     D:1: 473 daAuts
     D:6: 74 daAuts
     D:3: 47 daAuts
